 Dungeon Crawl Stone Soup version 0.29-a0-845-g6161e89988 (webtiles) character file.

Game seed: 2727634095788980489

615 xian the Cutter (level 7, -1/71 HPs)
             Began as a Troll Wanderer on July 16, 2022.
             Slain by an ogre
             ... wielding a +0 giant spiked club
              (8 damage)
             ... on level 4 of the Dungeon.
             The game lasted 00:08:46 (2312 turns).

xian the Cutter (Troll Wanderer)                    Turns: 2312, Time: 00:08:47

Health: -1/71      AC: 12    Str: 20    XL:     7   Next: 21%
Magic:  7/7        EV: 11    Int:  5    God:
Gold:   138        SH:  0    Dex: 15    Spells: 8/8 levels left

rFire   + . .      SeeInvis .   a - +3 short sword (protect)
rCold   x . .      Faith    .   (no shield)
rNeg    . . .      Spirit   .   d - +0 robe
rPois   .          Reflect  .   (helmet restricted)
rElec   .          Harm     .   b - +0 cloak
rCorr   .          Rampage  .   (gloves unavailable)
Will    .....                   (boots unavailable)
Stlth   ++........              (no amulet)
HPRegen 1.01/turn               g - ring of fire
MPRegen 0.10/turn               f - ring of flight

@: mighty, under a protective aura, flying
A: large, unfitting armour, claws 3, regeneration 1, shaggy fur 1, tough skin 1
a: no special abilities


You were on level 4 of the Dungeon.
You visited 1 branch of the dungeon, and saw 4 of its levels.

You collected 138 gold pieces.

Inventory:

Hand Weapons
 a - a +3 short sword of protection (weapon)
Armour
 b - a +0 cloak (worn)
 d - a +0 robe (worn)
Jewellery
 f - a ring of flight (right claw)
 g - a ring of fire (left claw)
 s - a ring of resist corrosion
Scrolls
 j - a scroll of immolation {unknown}
 k - a scroll of summoning
 l - a scroll of silence {unknown}
 p - a scroll of blinking
 q - a scroll of amnesia {unknown}
Potions
 c - a potion of attraction
 e - a potion of lignification
 h - a potion of heal wounds {unknown}
 i - a potion of haste {unknown}
 m - a potion of flight {unknown}
 o - 2 potions of might
 r - a potion of brilliance {unknown}


   Skills:
 + Level 4.7 Fighting
 + Level 4.7 Short Blades
 + Level 3.4 Dodging
 + Level 1.0 Stealth
 + Level 1.0 Spellcasting


You had 8 spell levels left.
You didn't know any spells.
Your spell library contained the following spells:

 Spells                   Type           Power      Damage    Failure   Level
 Static Discharge         Conj/Air       0%         3-3/arc   58%         2
 Gell's Gravitas          Tloc           0%         N/A       82%         3
 Teleport Other           Tloc           0%         N/A       82%         3
 Lightning Bolt           Conj/Air       0%         1d11      100%        5
 Dispersal                Tloc           0%         N/A       100%        6
 Maxwell's Capacitive Co  Air            0%         ∞         100%        8


Dungeon Overview and Level Annotations

Branches:
Dungeon (4/15)
 Temple: D:4-7

Altars:
Trog


Innate Abilities, Weirdness & Mutations

You are too large for most types of armour.
You have claws for hands.
Your natural rate of healing is unusually fast.
You are covered in fur. (AC +1)
You have tough skin. (AC +1)


Message History

You hit Pikel.
Pikel is almost dead.
The lemure hits you but does no damage. Pikel barely misses you.
The kobold barely misses you.
You hit Pikel.
Pikel is almost dead.
An ogre comes into view. It is wielding a +0 giant spiked club.
The kobold hits you but does no damage. The lemure hits you but does no damage.
Pikel hits you but does no damage.
You barely miss Pikel.
Pikel is almost dead.
The kobold hits you but does no damage. The lemure hits you but does no damage.
Pikel hits you with a +2 whip of flaming.
* * * LOW HITPOINT WARNING * * *
You hit Pikel.
You kill Pikel!
With Pikel's spell broken, his former minion thanks you for its freedom.
The lemure departs this earthly plane.
The kobold hits you but does no damage.
Your Short Blades skill increases to level 4!
Your Dodging skill increases to level 3!
Your Stealth skill increases to level 1!
You have reached level 6!
You feel stronger.
You have reached level 7!
You puncture the kobold!
You kill the kobold!
Things that are here:
a +2 whip of flaming; a +0 robe
Found a scroll labelled YLASSI YDGHAFF.
You hit the ogre.
Your weapon exudes an aura of protection.
The ogre is lightly wounded.
The ogre hits you with a +0 giant spiked club!!
* * * LOW HITPOINT WARNING * * *
You hit the ogre.
The ogre is moderately wounded.
You puncture the ogre!
The ogre is severely wounded.
The ogre hits you with a +0 giant spiked club!
You die...

##### #...# #
#.#.#.##### ##.#
#.....@O)<####...#
#.?....####).....#
#.#.... #......#
##### #O.....#
#......# #......#
...####... ###.#
#### #.#


You could see an ogre.

Vanquished Creatures
  Pikel (D:4)
  3 lemures (D:3)
  Jessica (D:3)
  A gnoll (D:1)
  4 adders
  A worm (D:2)
  4 dart slugs
  8 bats
  3 endoplasms
  3 giant cockroaches
  3 goblins
  6 hobgoblins
  7 jackals
  5 quokkas
  A ball python (D:1)
  3 frilled lizards
  10 kobolds
  8 rats
72 creatures vanquished.

Notes
Turn   | Place    | Note
-------+----------+-------------------------------------------
     0 | D:1      | xian the Troll Wanderer began the quest for the Orb.
     0 | D:1      | xian set off with the following items: a +3 short sword, a
                  | +0 cloak, a potion of attraction, a +0 robe.
     0 | D:1      | Reached XP level 1. HP: 23/23 MP: 1/1
    94 | D:1      | Reached XP level 2. HP: 31/31 MP: 2/2
   369 | D:1      | Reached XP level 3. HP: 35/39 MP: 3/3
   392 | D:1      | Found a faded altar of an unknown god.
   986 | D:2      | Reached XP level 4. HP: 36/48 MP: 4/4
  1000 | D:2      | Found a bloodstained altar of Trog.
  1584 | D:3      | Noticed Jessica
  1591 | D:3      | Killed Jessica
  1779 | D:3      | Reached XP level 5. HP: 54/54 MP: 5/5
  2224 | D:4      | Noticed a lemure
  2224 | D:4      | Noticed a lemure
  2227 | D:4      | Noticed a lemure
  2232 | D:4      | Noticed Pikel
  2248 | D:3      | Killed a lemure
  2254 | D:4      | Noticed a lemure
  2282 | D:3      | Killed a lemure
  2290 | D:3      | Killed a lemure
  2301 | D:4      | Noticed an ogre
  2303 | D:4      | Killed Pikel
  2304 | D:4      | Reached skill level 1 in Stealth
  2304 | D:4      | Reached XP level 6. HP: 20/63 MP: 6/6
  2304 | D:4      | Reached XP level 7. HP: 22/71 MP: 7/7
  2312 | D:4      | Slain by an ogre

Illustrated notes

Levels and vault maps discovered:
D:1:      amcnicky_arrival_choice, layout_rooms,
          chequers_ecumenical_altar_twisty, hex_tiny
D:2:      layout_loops_corners, basic_altar, minmay_misc_feat_rows,
          minmay_crystal_water
D:3:      layout_basic, chequers_big_river, kennysheep_jessica_study
D:4:      layout_basic, trog_ov_bears_minmay, vehumet_statue, uniq_pikel

Skill      XL: |  1  2  3  4  5 |
---------------+----------------+-----
Dodging        | 2 3 |  3.4
Fighting       | 4 |  4.7
Short Blades   | 3 4 |  4.7
Stealth        | 1 |  1.0
Spellcasting   | |  1.0

Action                   |  1- 3 |  4- 6 |  7- 9 || total
-------------------------+-------+-------+-------++-------
Melee: Short sword       |   132 |   127 |     4 ||   263
       Punch             |     3 |     1 |       ||     4
  Use: Scroll            |     4 |     3 |       ||     7
       Potion            |       |     1 |       ||     1
 Stab: Sleeping          |       |     1 |       ||     1
Armor: Robe              |    72 |    84 |       ||   156
Dodge: Dodged            |   109 |    63 |       ||   172

Table legend: (Time is in decaauts)
 A = Elapsed time spent in this place.
 B = Non-inter-level travel time spent in this place.
 C = Inter-level travel time spent in this place.
 D = Time resting spent in this place.
 E = Time spent auto-exploring this place.
 F = Levels seen in this place.
 G = Mean time per level.
                   A        B        C        D        E       F      G
               +--------+--------+--------+--------+--------+-----+--------+
         Total |   2300 |   2219 |     81 |      0 |   1185 |   4 |  575.0 |
       Dungeon |   2300 |   2219 |     81 |      0 |   1185 |   4 |  575.0 |
               +--------+--------+--------+--------+--------+-----+--------+

Top non-repeatable levels by time:
     D:2: 988 daAuts
     D:3: 772 daAuts
     D:1: 504 daAuts
     D:4: 34 daAuts
